 Dungeon Crawl Stone Soup version 0.29-a0-271-gd4eb659eea (webtiles) character file.

Game seed: 9448562964773574791

5 dolemite99 the Shield-Bearer (level 1, 17/19 HPs)
             Began as a Minotaur Fighter on Mar 9, 2022.
             Was a Follower of Sif Muna.
             Quit the game on level 1 of the Dungeon.
             The game lasted 00:00:49 (183 turns).

dolemite99 the Shield-Bearer (Minotaur Fighter)      Turns: 183, Time: 00:00:50

Health: 17/19      AC:  8    Str: 20    XL:     1   Next: 66%
Magic:  0/0        EV:  9    Int:  5    God:    Sif Muna [*.....]
Gold:   27         SH:  4    Dex:  9    Spells: 0/0 levels left

rFire   . . .      SeeInvis .   a - +0 war axe
rCold   . . .      Faith    .   c - +0 buckler
rNeg    . . .      Spirit   .   b - +0 scale mail
rPois   .          Reflect  .   (helmet restricted)
rElec   .          Harm     .   (no cloak)
rCorr   .          Rampage  .   e - +0 pair of gloves
Will    .....                   (no boots)
Stlth   ..........              (no amulet)
HPRegen 0.06/turn               (no ring)
MPRegen 0.07/turn               (no ring)

@: no status effects
A: horns 2, retaliatory headbutt
a: Renounce Religion, Channel Magic


You were on level 1 of the Dungeon.
You worshipped Sif Muna.
Sif Muna was aware of your devotion.
You visited 1 branch of the dungeon, and saw 1 of its levels.

You collected 27 gold pieces.

Inventory:

Hand Weapons
 a - a +0 war axe (weapon)
Missiles
 f - 11 stones (quivered)
Armour
 b - a +0 scale mail (worn)
 c - a +0 buckler (worn)
 e - a +0 pair of gloves (worn)
Scrolls
 g - a scroll of fear {unknown}
 h - a scroll of identify {unknown}
Potions
 d - a potion of might


   Skills:
 - Level 3.6 Fighting
 + Level 3.1 Axes
 - Level 3.6 Armour
 - Level 3.6 Shields


You couldn't memorise any spells.
You didn't know any spells.
Your spell library was empty.

Dungeon Overview and Level Annotations

Branches:
Dungeon (1/15)

Altars:
Sif Muna


Innate Abilities, Weirdness & Mutations

You have a pair of horns on your head.
You reflexively headbutt those who attack you in melee.


Message History

A rat is nearby!
You throw a stone. The stone hits the rat.
The rat is moderately wounded.
The rat bites you but does no damage.
You hit the rat. Your headbutt misses the rat.
The rat is severely wounded.
The rat barely misses you. You furiously retaliate!
You headbutt the rat.
You kill the rat!
No target in view!
A kobold comes into view. It is wielding a +0 dagger.
The kobold shouts!
You see here a stone.
Found 22 gold pieces.
There are no items here.
The kobold throws a stone.
The stone hits you but does no damage.
You see here a scroll labelled NASKAUB NEMUSI.
h - a scroll labelled NASKAUB NEMUSI The kobold hits you with a +0 dagger.
You slash the kobold!
You kill the kobold!
No target in view!
A bat comes into view.
Things that are here:
a +0 dagger; 5 stones You throw a stone.
The stone closely misses the bat.
You block the bat's attack.
You barely miss the bat. Your headbutt misses the bat.
You block the bat's attack.
You closely miss the bat. The bat completely misses you.
You furiously retaliate!
You headbutt the bat!
You kill the bat!
Your Axes skill increases to level 3!
Found 2 silver javelins.
Found a scroll labelled DIWNOFUGAT.
There is a faded altar of an unknown god here.
You cannot tell which god this altar belongs to.
Convert to them anyway?
Sif Muna accepts your prayer! Sif Muna welcomes you!
You can now call upon Sif Muna for magical energy.
Are you sure you want to abandon this character and quit the game? (Confirm with "yes".)

##...##.#.###.....# .
#......(..##.#...# ..
#..#.#.#.....#...#...
####..#.#.#...).(.......
....).#.#..............(
#####.#.###.......$.#..
#.#.# #.........#
#.....$..##.###.#..#
##.########.@....... .#
####?..... $# ####. ..


There were no monsters in sight!

Vanquished Creatures
  2 kobolds (D:1)
  2 bats (D:1)
  2 rats (D:1)
6 creatures vanquished.

Notes
Turn   | Place    | Note
-------+----------+-------------------------------------------
     0 | D:1      | dolemite99 the Minotaur Fighter began the quest for the
                  | Orb.
     0 | D:1      | Reached XP level 1. HP: 19/19 MP: 0/0
   163 | D:1      | Found a faded altar of an unknown god.
   182 | D:1      | Prayed at the altar of an unknown god.
   182 | D:1      | Became a worshipper of Sif Muna the Loreminder
   182 | D:1      | Reached * piety under Sif Muna
   183 | D:1      | Quit the game

Illustrated notes

Levels and vault maps discovered:
D:1:      minmay_arrival_doors, layout_loops_cross,
          hellmonk_ecumenical_altar_lost_god

Skill      XL: |  1 |
---------------+----+-----
Axes           | 3 |  3.1
Fighting       | |  3.6
Armour         | |  3.6
Shields        | |  3.6

Action                   || total
-------------------------++-------
Melee: War axe           ||    10
Throw: Stone             ||     5
Armor: Scale mail        ||     6
Dodge: Dodged            ||     4
Block: Buckler           ||     3

Table legend: (Time is in decaauts)
 A = Elapsed time spent in this place.
 B = Non-inter-level travel time spent in this place.
 C = Inter-level travel time spent in this place.
 D = Time resting spent in this place.
 E = Time spent auto-exploring this place.
 F = Levels seen in this place.
 G = Mean time per level.
                   A        B        C        D        E       F      G
               +--------+--------+--------+--------+--------+-----+--------+
         Total |    187 |    187 |      0 |      0 |    121 |   1 |  187.0 |
       Dungeon |    187 |    187 |      0 |      0 |    121 |   1 |  187.0 |
               +--------+--------+--------+--------+--------+-----+--------+

Top non-repeatable levels by time:
     D:1: 187 daAuts
